[Event "PRO League Group Stage"]
[Site "chess.com INT"]
[Date "2018.01.31"]
[Round "3"]
[White "Lenderman, Alex"]
[Black "Hansen, Eric"]
[Result "1-0"]
[ECO "E01"]
[WhiteElo "2565"]
[BlackElo "2629"]
[PlyCount "91"]
[GameId "2129404767707827"]
[EventDate "2018.01.18"]
[EventType "team"]
[EventRounds "9"]
[EventCountry "USA"]
[TimeControl "900+2"]

1. d4 Nf6 2. c4 e6 3. g3 d5 4. Bg2 Bb4+ 5. Nd2 O-O 6. Ngf3 a5 7. O-O a4 8. Qc2 Nc6 9. Rd1 Be7 10. a3 Bd7 11. e4 Na5 12. e5 Ne8 13. cxd5 exd5 14. Nf1 Nb3 15. Rb1 Nxc1 16. Rbxc1 c6 17. Ne3 Nc7 18. Nf5 Bxf5 19. Qxf5 f6 20. Qc2 Ra6 21. Bf1 Rb6 22. Bd3 f5 23. Bxf5 g6 24. Bg4 Kg7 25. Ne1 Rb3 26. Rd3 Nb5 27. Rcd1 Rxd3 28. Rxd3 Qa5 29. Ng2 Qa7 30. Qd2 Kg8 31. h4 Kg7 32. Nf4 Nc7 33. Bd1 Qa6 34. Rf3 Qa8 35. Kg2 Rf7 36. Bc2 Kg8 37. Qd3 Rg7 38. h5 g5 39. h6 Rf7 40. Ne6 Nxe6 41. Rxf7 Kxf7 42. Qxh7+ Ke8 43. Qg8+ Nf8 44. h7 Qa7 45. h8=Q Qxd4 46. Bg6+ 1-0

[Event "Gibraltar Tradewise op-A"]
[Site "Gibraltar ENG"]
[Date "2015.02.03"]
[Round "8.17"]
[White "Hansen, Eric"]
[Black "Nakar, Eylon"]
[Result "0-1"]
[ECO "D58"]
[WhiteElo "2574"]
[BlackElo "2419"]
[PlyCount "102"]
[GameId "2129404780658050"]
[EventDate "2015.01.27"]
[EventType "swiss"]
[EventRounds "10"]
[EventCountry "ENG"]
[SourceTitle "10 Days #425"]
[Source "Chess Mix"]
[TimeControl "6000+1685"]
[WhiteClock "0:32:40"]
[BlackClock "0:05:53"]

1. d4 e6 2. c4 Nf6 3. Nf3 d5 4. Nc3 Be7 5. Bg5 h6 6. Bh4 O-O 7. e3 b6 8. Be2 Bb7 9. Bxf6 Bxf6 10. cxd5 exd5 11. b4 Nd7 12. Qb3 c6 13. O-O b5 14. a4 a6 15. a5 Be7 16. Rac1 Rc8 17. Bd3 Rc7 18. Rc2 Re8 19. Bf5 Bd6 20. Rfc1 Nf6 21. g3 Qe7 22. Rb1 Bc8 23. Bxc8 Rexc8 24. Ne1 h5 25. Ne2 Ne4 26. Nf3 Qf6 27. Kg2 h4 28. gxh4 Qg6+ 29. Ng3 Bxb4 30. Ne5 Qh7 31. Rbc1 Bd2 32. Nxc6 Bxc1 33. Ne7+ Kh8 34. Qxd5 Rxc2 35. Nxe4 Rf8 36. Ng5 Qh5 37. Qe4 Rc7 38. Nd5 Rd7 39. Nf4 Qh6 40. Qf5 Rdd8 41. Nxf7+ Rxf7 42. Qxf7 Ba3 43. Ne6 Rb8 44. d5 Bd6 45. f4 b4 46. Qd7 Qg6+ 47. Ng5 b3 48. h5 Qc2+ 49. Kg3 b2 50. Nf7+ Kg8 51. Qe6 Bxf4+ 0-1

[Event "Gibraltar Tradewise op-A"]
[Site "Gibraltar ENG"]
[Date "2015.02.05"]
[Round "10.19"]
[White "Hansen, Eric"]
[Black "Troff, Kayden"]
[Result "1/2-1/2"]
[ECO "A05"]
[WhiteElo "2574"]
[BlackElo "2541"]
[PlyCount "168"]
[GameId "2129404780658089"]
[EventDate "2015.01.27"]
[EventType "swiss"]
[EventRounds "10"]
[EventCountry "ENG"]
[SourceTitle "10 Days #425"]
[Source "Chess Mix"]
[TimeControl "6600+1430"]
[WhiteClock "0:19:10"]
[BlackClock "0:02:27"]

1. Nf3 Nf6 2. g3 d5 3. Bg2 g6 4. b3 Bg7 5. Bb2 O-O 6. c4 e6 7. O-O b6 8. d3 Bb7 9. Nbd2 c5 10. e3 Nc6 11. Qe2 Qc7 12. Rac1 e5 13. cxd5 Nxd5 14. a3 Rad8 15. Rc2 Rfe8 16. Nc4 Qd7 17. Qd1 Nc7 18. Bxe5 Bxe5 19. Nfxe5 Nxe5 20. Nxe5 Rxe5 21. Bxb7 Qxd3 22. Qxd3 Rxd3 23. Rb1 Nb5 24. Ba6 Nxa3 25. Bxd3 Nxb1 26. e4 Re7 27. Kf1 Rc7 28. Ke2 b5 29. Ke3 Na3 30. Rc1 a5 31. e5 b4 32. Bc4 Kf8 33. Bd5 Ke7 34. Kd3 Rc8 35. f4 h5 36. h3 Nb5 37. Ra1 Na3 38. Rc1 Rc7 39. g4 hxg4 40. hxg4 Nb5 41. f5 gxf5 42. gxf5 Nc3 43. f6+ Ke8 44. Rxc3 bxc3 45. Kxc3 Kf8 46. Kc4 Rc8 47. e6 fxe6 48. Bxe6 Rc6 49. Bd5 Rxf6 50. Kxc5 Rf5 51. Kc6 Rf4 52. Kb5 Rf5 53. Kc6 Rf4 54. Kb5 Rf1 55. Kb6 Ke7 56. Bc4 Ra1 57. Bb5 Kd6 58. Ba4 Re1 59. Kxa5 Kc5 60. Bb5 Ra1+ 61. Ba4 Rg1 62. Bb5 Rg8 63. b4+ Kd4 64. Bc6 Kc4 65. Bb5+ Kd5 66. Ba6 Rb8 67. Be2 Kd4 68. Bf3 Kc4 69. Be2+ Kd5 70. Bf3+ Kd4 71. Bg2 Rc8 72. Kb6 Kc4 73. b5 Rf8 74. Bc6 Rf7 75. Bb7 Rf6+ 76. Bc6 Rh6 77. Kc7 Kc5 78. Bd7 Rf6 79. Bc6 Kb4 80. Bd7 Ka5 81. Bc6 Rf7+ 82. Bd7 Rg7 83. b6 Rxd7+ 84. Kxd7 Kxb6 1/2-1/2

[Event "CAN-ch"]
[Site "Guelph CAN"]
[Date "2015.07.11"]
[Round "2.3"]
[White "Hansen, Eric"]
[Black "Humphreys, Michael"]
[Result "1-0"]
[ECO "C12"]
[WhiteElo "2630"]
[BlackElo "2348"]
[PlyCount "73"]
[GameId "2160767738660385"]
[EventDate "2015.07.10"]
[EventType "swiss"]
[EventRounds "9"]
[EventCountry "CAN"]
[TimeControl "40/5400+30:1800+30"]

1. e4 e6 2. d4 d5 3. Nc3 Nf6 4. Bg5 Bb4 5. e5 h6 6. Bc1 Ne4 7. Nge2 Nxc3 8. Nxc3 c5 9. a3 Bxc3+ 10. bxc3 Qa5 11. Bd2 Qa4 12. Bd3 c4 13. Bf1 Ke7 14. Qg4 Kf8 15. Ra2 Nc6 16. Be2 Bd7 17. h4 Ne7 18. h5 Rc8 19. O-O f5 20. Qh4 Be8 21. Rb1 Qd7 22. a4 b6 23. a5 b5 24. a6 g5 25. hxg6 Nxg6 26. Qh3 Qg7 27. Bh5 Kg8 28. f3 Bd7 29. Kf2 Ne7 30. Rab2 Kh7 31. Rh1 Ng8 32. Rbb1 Qf8 33. g4 fxg4 34. Bxg4 Re8 35. Rbg1 Re7 36. Bc1 Re8 37. Bh5 1-0

[Event "CAN-ch"]
[Site "Guelph CAN"]
[Date "2015.07.12"]
[Round "4.2"]
[White "Hansen, Eric"]
[Black "Cao, Jason"]
[Result "1-0"]
[ECO "B51"]
[WhiteElo "2630"]
[BlackElo "2439"]
[PlyCount "103"]
[GameId "2160767738660407"]
[EventDate "2015.07.10"]
[EventType "swiss"]
[EventRounds "9"]
[EventCountry "CAN"]
[TimeControl "40/5400+30:1800+30"]

1. e4 c5 2. Nf3 d6 3. Bb5+ Nd7 4. O-O Ngf6 5. Re1 a6 6. Bf1 b6 7. c3 Bb7 8. d3 e6 9. Nbd2 Be7 10. d4 cxd4 11. cxd4 O-O 12. b3 Rc8 13. Bb2 Qc7 14. Bd3 Qb8 15. Nf1 e5 16. Ng3 Rfe8 17. d5 Nc5 18. Bf1 b5 19. a4 b4 20. a5 Rc7 21. Nd2 Bc8 22. Nc4 Bg4 23. f3 Bd7 24. Bc1 Bb5 25. Nf5 Bxc4 26. Bxc4 Bf8 27. Ne3 g6 28. Nc2 h5 29. Bd2 Rb7 30. Rf1 Kh7 31. Qe1 Bh6 32. Bxb4 Rc8 33. Kh1 Nfd7 34. Rb1 Qc7 35. Qe2 Rcb8 36. Bxc5 Nxc5 37. b4 Na4 38. Rb3 Bd2 39. Ra1 Rc8 40. Bxa6 Qxc2 41. Bxb7 Nc3 42. Qf1 Rb8 43. Rxc3 Bxc3 44. Rc1 Qd2 45. a6 Bd4 46. b5 Rf8 47. Qe1 Qd3 48. Bc6 f5 49. Rd1 Qc4 50. exf5 Rxf5 51. Rxd4 Qxd4 52. Qg1 1-0

[Event "CAN-ch"]
[Site "Guelph CAN"]
[Date "2015.07.13"]
[Round "6.2"]
[White "Hansen, Eric"]
[Black "Gerzhoy, Leonid"]
[Result "1/2-1/2"]
[ECO "B36"]
[WhiteElo "2630"]
[BlackElo "2538"]
[PlyCount "63"]
[GameId "2160767738660432"]
[EventDate "2015.07.10"]
[EventType "swiss"]
[EventRounds "9"]
[EventCountry "CAN"]
[TimeControl "40/5400+30:1800+30"]

1. c4 c5 2. Nf3 g6 3. e4 Nc6 4. d4 cxd4 5. Nxd4 Nf6 6. Nc3 d6 7. Be2 Nxd4 8. Qxd4 Bg7 9. Be3 O-O 10. Qd2 Qa5 11. Rc1 Be6 12. f3 Rfc8 13. b3 a6 14. Na4 Qxd2+ 15. Kxd2 Nd7 16. g4 f5 17. gxf5 gxf5 18. Rhg1 Kh8 19. Nc3 fxe4 20. fxe4 Be5 21. Nd5 Bxd5 22. exd5 Rg8 23. h3 Rxg1 24. Rxg1 b5 25. a3 bxc4 26. Bxc4 a5 27. a4 Nc5 28. Kc2 Rc8 29. Rg4 Nd7 30. Rg1 Nc5 31. Rg4 Nd7 32. Rg1 1/2-1/2

[Event "CAN-ch"]
[Site "Guelph CAN"]
[Date "2015.07.15"]
[Round "8.3"]
[White "Krnan, Tomas"]
[Black "Hansen, Eric"]
[Result "1/2-1/2"]
[ECO "B51"]
[WhiteElo "2557"]
[BlackElo "2630"]
[PlyCount "112"]
[GameId "2160767738660452"]
[EventDate "2015.07.10"]
[EventType "swiss"]
[EventRounds "9"]
[EventCountry "CAN"]
[TimeControl "40/5400+30:1800+30"]

1. e4 c5 2. Nf3 d6 3. Bb5+ Nd7 4. d4 cxd4 5. Qxd4 a6 6. Be2 Ngf6 7. O-O g6 8. Nc3 Bg7 9. Rd1 O-O 10. e5 Nh5 11. Qh4 dxe5 12. Bg5 Nhf6 13. Bh6 Bxh6 14. Qxh6 Ng4 15. Qh4 Ngf6 16. Qh6 Ng4 17. Qg5 Ngf6 18. Nxe5 Qc7 19. Nc4 b5 20. Ne3 Bb7 21. Rd4 Rfc8 22. a4 Nf8 23. Rh4 bxa4 24. Rc4 Qd8 25. Rcxa4 Rab8 26. Bc4 e6 27. Rd1 N8d7 28. Bb3 Qf8 29. Rad4 Rc5 30. Qh4 Bc6 31. Rc4 Rxc4 32. Qxc4 Nc5 33. Qd4 Qe7 34. Bc4 a5 35. b3 h5 36. Qe5 Rc8 37. Ra1 Ncd7 38. Qg5 a4 39. Ne2 axb3 40. cxb3 Qc5 41. Qxc5 Nxc5 42. b4 Nce4 43. Nd4 Bd7 44. Bf1 Rb8 45. b5 Nd6 46. Rd1 Rb6 47. Ra1 Rb7 48. Nc4 Nxc4 49. Bxc4 Ne4 50. Be2 e5 51. Nc6 Bxc6 52. bxc6 Rc7 53. Bf3 Nf6 54. Re1 e4 55. Bxe4 Nxe4 56. Rxe4 Rxc6 1/2-1/2

[Event "Calgary int."]
[Site "Calgary CAN"]
[Date "2013.05.20"]
[Round "9"]
[White "Hansen, Eric"]
[Black "Yam, Alex"]
[Result "1-0"]
[Annotator ",VLAD"]
[ECO "B04"]
[WhiteElo "2577"]
[BlackElo "2283"]
[PlyCount "63"]
[GameId "2160767738168118"]
[EventDate "2013.05.14"]
[EventType "swiss"]
[EventRounds "9"]
[EventCountry "CAN"]
[TimeControl "5400"]

1. e4 Nf6 2. e5 Nd5 3. d4 d6 4. Nf3 dxe5 5. Nxe5 g6 6. Bc4 c6 7. O-O Bg7 8. Re1 O-O 9. c3 Be6 10. Nd2 Nd7 11. Nef3 Nc7 12. Bf1 c5 13. Nb3 cxd4 14. Nfxd4 Bd5 15. Bg5 f6 16. Be3 a6 17. c4 Bf7 18. Na5 Qc8 19. b4 Rd8 20. Qf3 e5 21. Ndb3 b6 22. Nc6 Re8 23. Rad1 Re6 24. b5 Be8 25. a4 Kh8 26. a5 axb5 27. cxb5 bxa5 28. Nbxa5 e4 29. Qh3 f5 30. Bc4 Re5 31. Bd4 Rxb5 32. Qc3 1-0